 Dungeon Crawl Stone Soup version 0.26-a0-651-gb41185065b (webtiles) character file.

Game seed: 9601236971065448097

67 Irenicus the Slasher (level 3, -4/31 HPs)
             Began as a Minotaur Chaos Knight on Oct 29, 2020.
             Was a Plaything of Xom.
             Killed from afar by a white imp (5 damage)
             ... with a puff of frost
             ... summoned by Natasha
             ... on level 2 of the Dungeon.
             The game lasted 00:01:31 (568 turns).

Irenicus the Slasher (Minotaur Chaos Knight)         Turns: 568, Time: 00:01:32

Health: -4/31      AC:  5    Str: 16    XL:     3   Next: 98%
Magic:  2/2        EV: 11    Int:  9    God:    Xom [.*....]
Gold:   93         SH:  0    Dex: 10    Spells: 2/2 levels left

rFire    . . .     SeeInvis .   a - +0 falchion (chaos)
rCold    . . .     Faith    .   (no shield)
rNeg     . . .     Spirit   .   b - +2 leather armour
rPois    .         Reflect  .   (helmet restricted)
rElec    .         Harm     .   (no cloak)
rCorr    .         Rampage  .   (no gloves)
MR       .....                  (no boots)
Stlth    +.........             (no amulet)
HPRegen  0.10/turn              (no ring)
MPRegen  0.08/turn              (no ring)

@: no status effects
A: retaliatory headbutt, horns 2
a: Renounce Religion


You were on level 2 of the Dungeon.
You worshipped Xom.
You were a plaything of Xom.
You visited 1 branch of the dungeon, and saw 2 of its levels.

You collected 93 gold pieces.

Inventory:

Hand Weapons
 a - a +0 falchion of chaos (weapon)
Armour
 b - a +2 leather armour (worn)
Jewellery
 d - an uncursed ring of fire {rF+, rC-}
   (You found it on level 1 of the Dungeon)
Scrolls
 c - 2 scrolls of identify {unknown}
 e - a scroll of remove curse {unknown}
 f - 2 scrolls of magic mapping {unknown}


   Skills:
 - Level 3.6 Fighting
 + Level 5.9 Long Blades
 - Level 2.4 Armour
 - Level 1.1 Dodging


You had 2 spell levels left.
You didn't know any spells.
Your spell library was empty.

Dungeon Overview and Level Annotations

Branches:
Dungeon (2/15)

Altars:

Annotations:
D:2 Natasha


Innate Abilities, Weirdness & Mutations

You reflexively headbutt those who attack you in melee.
You have a pair of horns on your head.


Message History

* * * LOW HITPOINT WARNING * * *
You take 3 damage, and have 6/31 hp.
You hit Natasha. You freeze Natasha.
Natasha is almost dead.
Natasha barely misses you.
You hit Natasha. You burn Natasha.
You kill Natasha!
Natasha screams in pain as she dies!
You see here the felid corpse of Natasha.
You feel sick.
c - 2 scrolls labeled NIGGET HOOS (gained 1)
You feel sick.
You are no longer poisoned.
You now have 93 gold pieces (gained 14).
Natasha, Servant of Life and Death comes into view.
She is carrying a wand of flame (13).
Natasha zaps a wand.
The puff of flame misses you.
You feel more attuned to fire.
d - a ring of fire (left hand) {rF+, rC-} Natasha casts a spell at you.
The magic dart hits you but does no damage.
A leopard gecko comes into view.
Found 28 stones.
Found a stone staircase leading down.
You see here a scroll labeled GITETI GIXTEV.
f - 2 scrolls labeled GITETI GIXTEV (gained 1) Natasha casts a spell.
The leopard gecko bites you.
* * * LOW HITPOINT WARNING * * *
You emit a cloud of colourful smoke!
Natasha casts a spell at you. The magic dart hits you.
* * * LOW HITPOINT WARNING * * *
You take 7 damage, and have 1/31 hp.
MASSIVE DAMAGE!!
The leopard gecko barely misses you.
You hit the leopard gecko. Your headbutt misses the leopard gecko.
The leopard gecko is lightly wounded.
The leopard gecko bites you but does no damage.
You aren't carrying any potions.
You hit the leopard gecko.
The leopard gecko seems to slow down.
You freeze the leopard gecko. Your headbutt misses the leopard gecko.
The leopard gecko is almost dead.
The leopard gecko bites you but does no damage.
The leopard gecko is no longer moving slowly.
Natasha mumbles some strange words.
The crimson imp lashes its tail.
You hit the leopard gecko but do no damage.
The leopard gecko is almost dead.
Xom smirks.
You feel aware of your surroundings. The leopard gecko barely misses you.
You riposte.
You hit the leopard gecko.
You kill the leopard gecko!
The leopard gecko turns into a zombie!
The crimson imp hits your leopard gecko zombie.
The crimson imp barely misses your leopard gecko zombie.
Your leopard gecko zombie barely misses the crimson imp.
Your leopard gecko zombie bites the crimson imp.
The crimson imp closely misses your leopard gecko zombie.
What are your orders? t - Shout!
Orders for allies: a - Attack new target. r - Retreat! s - Stop attacking. g - Guard the area. f - Follow me.
Anything else - Cancel.
Press: ? - help, Dir - move target cursor, f - Natasha
Aim: Natasha, carrying a wand of flame (12) (magical condensation) Attack!
The crimson imp hits your leopard gecko zombie.
Your leopard gecko zombie bites the crimson imp.
The crimson imp blinks!
You aren't carrying any items that you can evoke.
What are your orders? t - Shout!
Orders for allies: a - Attack new target. p - Attack previous target. r - Retreat! s - Stop attacking. g - Guard the area. f - Follow me.
Anything else - Cancel.
Gang up on whom?
Press: ? - help, Dir - move target cursor, f/p - Natasha
Aim: Natasha, carrying a wand of flame (12) Attack!
Natasha stares at you and mumbles some strange words.
Your leopard gecko zombie seems to slow down.
Your leopard gecko zombie barely misses Natasha.
You are now a plaything of Xom.
Natasha casts a spell at you. You resist with significant effort.
Natasha casts a spell.
You see here 19 stones.
Xom gives a demonstration of destructive might.
The white imp is outlined in light.
You remove your ring of fire {rF+, rC-}.
The white imp gestures at you. The puff of frost hits you.
* * * LOW HITPOINT WARNING * * *
You take 3 damage, and have 1/31 hp.
The white imp laughs crazily.
There is a stone staircase leading up here.
The white imp gestures at you. The puff of frost hits you.
You die...
Xom howls with laughter!

#..........###
#.....###### ##
#####.....#####.#
###########.......#
##)....##h........).
##........5.......###
#................## *
#......(....†....# *
#..†@............# *
#................# *,
#................#
#................# ,
##..............## ,
##............## ,
######..###### * (.##
..#


You could see Natasha and a white imp (summoned, corona).

Vanquished Creatures
  Natasha (D:2)
  An adder (D:2)
  A gnoll (D:1)
  3 leopard geckos
  A giant cockroach (D:1)
  A goblin (D:1)
  2 hobgoblins (D:2)
  A kobold (D:1)
  A ball python (D:1)
  4 bats (D:1)
  A frilled lizard (D:2)
  6 rats (D:1)
23 creatures vanquished.

Notes
Turn   | Place    | Note
-------+----------+-------------------------------------------
     0 | D:1      | Irenicus the Minotaur Chaos Knight began the quest for the
                  | Orb.
     0 | D:1      | Reached XP level 1. HP: 19/19 MP: 0/0
    76 | D:1      | Reached skill level 4 in Long Blades
   100 | D:1      | Reached XP level 2. HP: 23/26 MP: 1/1
   176 | D:1      | XOM: 1-stop teleportation journey
   377 | D:1      | Reached skill level 5 in Long Blades
   490 | D:2      | Reached XP level 3. HP: 31/31 MP: 2/2
   492 | D:2      | Noticed Natasha
   499 | D:2      | HP: 6/31 [Natasha (2)]
   501 | D:2      | Killed Natasha
   507 | D:2      | HP: 5/31 [poisoned by an adder]
   530 | D:2      | Noticed Natasha
   536 | D:2      | HP: 6/31 [leopard gecko (2)]
   536 | D:2      | XOM: smoke on damage
   536 | D:2      | HP: 1/31 [Natasha/magic dart (5)]
   542 | D:2      | XOM: divination: magic mapping
   564 | D:2      | XOM: fake destruction
   566 | D:2      | HP: 1/31 [white imp/puff of frost[Natasha] (3)]
   568 | D:2      | Killed from afar by a white imp

Illustrated notes

Levels and vault maps discovered:
D:1:      evilmike_arrival_rings, layout_rooms
D:2:      layout_rooms, old_standard_altar, uniq_natasha

Skill      XL: |  1  2 |
---------------+-------+-----
Long Blades    | 4 5 |  5.9
Fighting       | |  3.6
Armour         | |  2.4
Dodging        | |  1.1

Action                   || total
-------------------------++-------
Melee: Falchion          ||    37
       Headbutt          ||     5
Armor: Leather armour    ||    13
Dodge: Dodged            ||    27
       Rpst.: Falchion   ||     7

Table legend: (Time is in decaauts)
 A = Elapsed time spent in this place.
 B = Non-inter-level travel time spent in this place.
 C = Inter-level travel time spent in this place.
 D = Time resting spent in this place.
 E = Time spent auto-exploring this place.
 F = Levels seen in this place.
 G = Mean time per level.
                   A        B        C        D        E       F      G
               +--------+--------+--------+--------+--------+-----+--------+
         Total |    568 |    537 |     31 |      0 |    393 |   2 |  284.0 |
       Dungeon |    568 |    537 |     31 |      0 |    393 |   2 |  284.0 |
               +--------+--------+--------+--------+--------+-----+--------+

Top non-repeatable levels by time:
     D:1: 478 daAuts
     D:2: 90 daAuts

Table legend:
 A = Kills in this place as a percentage of kills in entire the game.
 B = Kills by you in this place as a percentage of kills by you in the entire game.
 C = Kills by friends in this place as a percentage of kills by friends in the entire game.
 D = Other kills in this place as a percentage of other kills in the entire game.
 E = Experience gained in this place as a percentage of experience gained in the entire game.
 F = Experience gained in this place divided by the number of levels of this place that you have seen.
                   A       B       C       D       E      F
               +-------+-------+-------+-------+-------+----------------------
         Total | 100.0 | 100.0 |   N/A | 100.0 | 100.0 |  48.0
       Dungeon | 100.0 | 100.0 |   N/A | 100.0 | 100.0 |  48.0
               +-------+-------+-------+-------+-------+----------------------
